 Dungeon Crawl Stone Soup version 0.30.0-5-g1a98f26d00 (webtiles) character file.

Game seed: 15680506998483759600

581 GigaChad the Chopper (level 7, -2/55 HPs)
             Began as a Formicid Fighter on May 9, 2023.
             Slain by Grinder (5 damage)
             ... on level 5 of the Dungeon on May 10, 2023.
             The game lasted 00:07:46 (3515 turns).

GigaChad the Chopper (Formicid Fighter)             Turns: 3515, Time: 00:07:47

Health: -2/55      AC:  8    Str: 23    XL:     7   Next: 63%
Magic:  7/7        EV: 10    Int:  7    God:
Gold:   200        SH:  5    Dex: 13    Spells: 6/6 levels left

rFire   . . .        a - +1 war axe
rCold   . . .        c - +0 buckler
rNeg    . . .        b - +0 scale mail
rPois   .            (helmet unavailable)
rElec   .            t - +0 cloak
rCorr   .            (no gloves)
SInv    +            (no boots)
Will    .....        (no amulet) Stlth
                     (no ring)
HPRegen 0.29/turn    (no ring)
MPRegen 0.10/turn

%: no passive effects
@: no status effects
A: permanent stasis, dig shafts and tunnels, antennae 3, four strong arms
a: Dig, Shaft Self


You were on level 5 of the Dungeon.
You visited 1 branch of the dungeon, and saw 5 of its levels.

You collected 200 gold pieces.

Inventory:

Hand Weapons
 a - a +1 war axe (weapon)
Armour
 b - a +0 scale mail (worn)
 c - a +0 buckler (worn)
 t - a +0 cloak (worn)
Jewellery
 i - a ring of magical power
 j - an amulet of guardian spirit
 m - a ring of ice
 n - a ring of protection from fire
Wands
 o - a wand of polymorph (5)
 r - a wand of flame (10)
 u - a wand of iceblast (10)
Scrolls
 f - a scroll of summoning
 g - 5 scrolls of identify
 p - 2 scrolls of teleportation
 q - 3 scrolls of noise
Potions
 d - a potion of might
 e - a potion of haste
 h - a potion of heal wounds {unknown}
 k - a potion of curing {unknown}
 l - a potion of lignification
 s - a potion of flight {unknown}


   Skills:
 * Level 4.8 Fighting
 * Level 5.3 Axes
 * Level 5.0 Armour
 - Level 1.2 Dodging
 - Level 0.3 Stealth
 * Level 5.2 Shields


You had 6 spell levels left.
You didn't know any spells.
Your spell library contained the following spells:

 Spells                   Type           Power      Damage    Failure   Level
 Gell's Gravitas          Tloc           0%         N/A       99%         3
 Hailstorm                Conj/Ice       0%         3d3       99%         3
 Teleport Other           Tloc           0%         N/A       99%         3
 Ice Form                 Ice/Tmut       0%         N/A       100%        4
 Dispersal                Tloc           0%         N/A       100%        6
 Simulacrum               Ice/Necr       0%         N/A       100%        6


Dungeon Overview and Level Annotations

Branches:
Dungeon (5/15)
 Temple: D:4-7

Altars:
Elyvilon
Qazlal

Annotations:
D:5 Grinder


Innate Abilities, Weirdness & Mutations

You cannot be hasted, slowed, berserked, paralysed or teleported.
You can dig through walls and to a lower floor.
You have a pair of large antennae on your head. (SInv)
Your four strong arms can wield two-handed weapons with a shield.


Message History

You see here a +0 shortbow.
You see here a worm corpse.
Unknown command.
Found a brightly glowing short sword.
You start resting.
You sense a monster nearby.
You start resting.
Grinder comes into view.
Grinder is nearby!
Grinder says, "DUCK!"
Grinder hits you but does no damage.
Found a ring of magical power.
Grinder barely misses you.
You closely miss Grinder. Grinder barely misses you.
You slash Grinder!
Grinder is moderately wounded.
Grinder gestures at you. Pain shoots through your body!
You hit Grinder.
Grinder is heavily wounded.
Grinder hits you!
* * * LOW HITPOINT WARNING * * *
You writhe in agony.
* * * LOW HITPOINT WARNING * * *
You slash Grinder!
Grinder is almost dead.
Grinder closely misses you. Grinder hits you.
* * * LOW HITPOINT WARNING * * *
You writhe in agony.
* * * LOW HITPOINT WARNING * * *
You closely miss Grinder.
Grinder is almost dead.
Grinder blinks!
Grinder gestures at you.
You struggle to resist.
You completely miss Grinder.
Grinder is almost dead.
Grinder hits you.
* * * LOW HITPOINT WARNING * * *
You writhe in agony.
You die...

.......# .=.....# ###
.......# ....
.......# .....#
.....# .....#
...####.....
#5....#... #
#@....#.#
#.##.#.......# #
......$....###.# ..
#.####......##.#....#
.).................#
.####....†)........#
#.....)###.....#.#
##..##.# #.....#.#
#...##.###.....#..


You could see Grinder.

Vanquished Creatures
  A centaur (D:5)
  3 scorpions
  3 hounds (D:5)
  2 orc wizards (D:5)
  5 gnolls
  3 adders
  A white imp (D:5)
  2 worms
  2 dart slugs (D:3)
  12 orcs
  6 ball pythons
  6 endoplasms
  5 giant cockroaches
  4 hobgoblins
  9 jackals
  2 quokkas
  8 bats
  5 frilled lizards
  6 goblins
  6 kobolds
  2 rats
93 creatures vanquished.

Notes
Turn   | Place    | Note
-------+----------+-------------------------------------------
     0 | D:1      | GigaChad the Formicid Fighter began the quest for the Orb.
     0 | D:1      | Reached XP level 1. HP: 18/18 MP: 1/1
    59 | D:1      | Reached XP level 2. HP: 24/24 MP: 2/2
   251 | D:1      | Reached XP level 3. HP: 30/30 MP: 3/3
   943 | D:2      | Reached XP level 4. HP: 37/37 MP: 4/4
  1631 | D:3      | Found a stormy altar of Qazlal.
  1654 | D:3      | Reached XP level 5. HP: 42/42 MP: 5/5
  1748 | D:4      | Reached skill level 1 in Dodging
  1919 | D:4      | Found a white marble altar of Elyvilon.
  2008 | D:4      | Reached XP level 6. HP: 43/48 MP: 6/6
  2129 | D:4      | HP: 2/49 [gnoll/+0 spear (4)]
  2534 | D:5      | Entered Level 5 of the Dungeon
  2870 | D:5      | Reached skill level 5 in Shields
  2870 | D:5      | Reached XP level 7. HP: 24/55 MP: 7/7
  2927 | D:5      | Reached skill level 5 in Axes
  3438 | D:5      | Reached skill level 5 in Armour
  3500 | D:5      | Noticed Grinder
  3515 | D:5      | Slain by Grinder

Illustrated notes

Levels and vault maps discovered:
D:1:      eino_arrival_tree_alley, layout_basic
D:2:      layout_loops_ring, dk_noncrumbling_3
D:3:      layout_rooms, mainiacjoe_overflow_brackets, nrook_loot_triangle
D:4:      layout_gridville, marbit_many_paths,
          mainiacjoe_overflow_six_doors_small, lemuel_temple_firewalk_b
D:5:      layout_rooms, minmay_crystal_room, uniq_grinder

Skill      XL: |  1  2  3  4  5  6  7 |
---------------+----------------------+-----
Fighting       | 4 |  4.8
Axes           | 3 4 5 |  5.3
Armour         | 4 5 |  5.0
Dodging        | 1 |  1.2
Shields        | 5 |  5.2
Stealth        | |  0.3

Action                     |  1- 3 |  4- 6 |  7- 9 || total
---------------------------+-------+-------+-------++-------
  Melee: War axe           |    74 |   103 |    41 ||   218
    Use: Scroll            |       |     5 |     1 ||     6
 Armour: Scale mail        |    41 |    58 |    38 ||   137
  Dodge: Dodged            |    41 |    67 |    36 ||   144
  Block: Buckler           |    27 |    31 |    23 ||    81
